cohdb
Replays
Latest Replays
All Replays
Popular Replays
Top Player Replays
Match Explorer
How It Works
Community
CoH3 Stats
Reddit
Sign in to upload your games and track your stats! →
Sign in with Steam
Match 38066210
Unlisted
Match 38066210
Overview
Messages
Build Orders
End
Panzergrenadier Squad
Panzergrenadier Squad
Construct Light Support Kompanie
Construct Mechanized Kompanie
Assault Grenadier Squad
8 Rad Armored Car
Selects Armored Support Battlegroup
Selects Superior Fire Drills
Panzerjäger Mechanized Group
8 Rad Armored Car
2.5-tonne Medical Truck
Vehicle Survival Package
Support Armor Elements
Selects Flammpanzer III Medium Tank
Marder III Tank Destroyer
Panzerjäger Mechanized Group
GaijinEnterprises
173687052
The Intruder
syen
JMT
Ceruman
matrix4x4
『KAIROCK』
0
0
Comments
sign in to comment!
No comments posted yet!